 Dungeon Crawl Stone Soup version 0.27-a0-1086-g3a4c58a (webtiles) character file.

Game seed: 51351208641520836

37474 Dorkslayer the Blocker (level 13, -3/83 HPs)
             Began as a Gargoyle Fighter on Apr 26, 2021.
             Was an Elder of the Shining One.
             Slain by Kirke (4 damage)
             ... on level 5 of the Lair of Beasts.
             The game lasted 01:04:11 (12039 turns).

Dorkslayer the Blocker (Gargoyle Fighter)          Turns: 12039, Time: 01:04:12

Health: -3/83      AC:  0    Str: 23    XL:     13   Next: 96%
Magic:  19/19      EV: 15    Int: 10    God:    the Shining One [****..]
Gold:   995        SH:  0    Dex: 10    Spells: 12/12 levels left

rFire    . . .     SeeInvis .   (weapon currently unavailable)
rCold    . . .     Faith    .   (shield currently unavailable)
rNeg     + + +     Spirit   .   (armour currently unavailable)
rPois    ∞         Reflect  .   (helmet currently unavailable)
rElec    .         Harm     .   (cloak currently unavailable)
rCorr    .         Rampage  .   (gloves currently unavailable)
Will     .....                  (boots currently unavailable)
Stlth    +.........             y - amulet of regeneration
HPRegen  1.23/turn              (ring currently unavailable)
MPRegen  0.16/turn              (ring currently unavailable)

@: pig-form, slowed, glowing, studying Fire Magic
A: fast, no casting, AC +9, small, negative energy resistance 1, (electricity
resistance), torment resistance 1, (unbreathing 1), petrification resistance
a: Renounce Religion, Divine Shield, Cleansing Flame


You were on level 5 of the Lair of Beasts.
You worshipped the Shining One.
The Shining One was greatly pleased with you.
You were a filthy swine.
You visited 3 branches of the dungeon, and saw 17 of its levels.
You also visited: Volcano.

You collected 2662 gold pieces.
You spent 1667 gold pieces at shops.

Inventory:

Hand Weapons
 v - the +3 war axe of Turmoil (melded) {vorpal, Dex+5}
   (You bought it in a shop on level 8 of the Dungeon)

   It inflicts extra damage upon your enemies.
   It affects your dexterity (+5).
 F - a +2 broad axe of flaming
 I - a +0 broad axe
Missiles
 k - 8 silver boomerangs
 r - 21 boomerangs
 z - 3 javelins
 J - 6 boomerangs of dispersal
Armour
 c - a +1 kite shield (melded)
 t - a +0 tower shield
 B - a +1 cloak (melded)
 C - a +0 helmet (melded)
 H - a +0 pair of gloves (melded)
 S - a +2 plate armour of fire resistance (melded)
Jewellery
 f - a ring of protection from fire
 p - a ring of resist corrosion (melded)
 x - a ring of flight
 y - an amulet of regeneration (around neck)
 E - a +6 ring of dexterity (melded)
 O - a ring of willpower
Wands
 h - a wand of acid (2)
 o - a wand of paralysis (11)
 D - a wand of flame (27)
 K - a wand of charming (4)
 U - a wand of digging (5)
Scrolls
 a - a scroll of fear
 e - a scroll of enchant armour
 g - 4 scrolls of teleportation
 m - 3 scrolls of immolation
 A - 2 scrolls of amnesia
 L - 2 scrolls of holy word
 M - 2 scrolls of fog
 N - 2 scrolls of blinking
 T - a scroll of summoning {unknown}
Potions
 b - 4 potions of attraction
 j - a potion of haste
 s - 3 potions of flight
 u - 8 potions of curing
 w - a potion of mutation
 Q - a potion of might
 R - a potion of berserk rage
Miscellaneous
 q - a box of beasts


   Skills:
 * Level 10.5 Fighting
 + Level 2.4 Long Blades
 + Level 10.3 Axes
 + Level 4.6 Throwing
 + Level 7.8 Armour
 * Level 5.7 Dodging
 + Level 2.7 Stealth
 * Level 14.3 Shields
 * Level 8.9 Invocations
 * Level 8.3 Evocations


You had 12 spell levels left.
You didn't know any spells.
Your spell library contained the following spells:

 Spells                   Type           Power      Damage    Failure   Level
 Animate Skeleton         Necr           0%         N/A       36%         1
 Apportation              Tloc           0%         N/A       36%         1
 Corona                   Hex            0%         N/A       36%         1
 Foxfire                  Conj/Fire      0%         2x1d4     36%         1
 Freeze                   Ice            0%         1d3       36%         1
 Magic Dart               Conj           0%         1d3       36%         1
 Pain                     Necr           0%         1d4       36%         1
 Summon Small Mammal      Summ           0%         N/A       36%         1
 Searing Ray              Conj           0%         3d3       50%         2
 Dazzling Flash           Conj/Hex       0%         N/A       75%         3
 Frozen Ramparts          Ice            0%         1d2       75%         3
 Ozocubu's Armour         Ice            0%         N/A       75%         3
 Vampiric Draining        Necr           0%         2d6       75%         3
 Animate Dead             Necr           0%         N/A       98%         4
 Cause Fear               Hex            0%         N/A       98%         4
 Fulminant Prism          Conj/Hex       0%         3d6       98%         4
 Hailstorm                Conj/Ice       0%         3d3       98%         4
 Iskenderun's Mystic Bla  Conj/Tloc      0%         2d3       98%         4
 Agony                    Necr           0%         N/A       100%        5
 Metabolic Englaciation   Hex/Ice        0%         N/A       100%        5
 Dragon Form              Tmut           0%         N/A       100%        7
 Dragon's Call            Summ           0%         N/A       100%        9


Dungeon Overview and Level Annotations

Branches:
Dungeon (11/15)            Temple (1/1) D:5            Lair (5/6) D:11
  Swamp (0/4) Lair:3       Spider (0/4) Lair:2          Orc (0/2) D:11
Volcano (visited)
  Slime: Lair:5-6

Altars:
Elyvilon
Makhleb
Okawaru
Qazlal
Sif Muna
Trog
Vehumet
Xom
Yredelemnul
Zin
The Shining One
Beogh

Shops:
D:8 !((*=   D:11 *

Annotations:
Lair:5 Kirke


Innate Abilities, Weirdness & Mutations

You are a filthy swine.
You move quickly.
Your equipment is almost entirely melded.
You are incapable of wielding weapons or throwing items.
You cannot cast spells.
((Your stone body is resilient. (AC +9)))
You are immune to poison.
You resist negative energy. (rN+)
((You are resistant to electric shocks. (rElec)))
You are resistant to unholy torment.
((You can survive without breathing.))
You are immune to petrification.


Message History

Kirke is severely wounded.
Kirke barely misses you.
You slice Kirke!!
Kirke is severely wounded.
Kirke casts a spell.
Kirke summons a manticore!
You block Kirke's attack.
Your shield and plate armour prevent you from hitting Kirke.
Kirke is severely wounded.
You hit the manticore.
Kirke points at you and mumbles some strange words.
You turn into a filthy swine.
The +3 war axe of Turmoil {vorpal, Dex+5} melds into your body.
Your +1 cloak melds into your body.
Your +0 helmet melds into your body.
Your +0 pair of gloves melds into your body.
Your +1 kite shield melds into your body.
Your +2 plate armour of fire resistance melds into your body.
Your ring of resist corrosion melds into your body.
Your +6 ring of dexterity melds into your body.
You feel less resistant to fire.
You feel clumsy. The manticore barely misses you. The manticore claws you!
The manticore claws you.
You bite Kirke!
Kirke is almost dead.
Kirke casts a spell at you.
You struggle to resist.
The manticore misses you. The manticore closely misses you.
The manticore claws you!
You hit Kirke but do no damage.
Kirke is almost dead.
Kirke mumbles some strange words.
Kirke summons a manticore!
The manticore bites you!! The manticore claws you! x2
* * * LOW HITPOINT WARNING * * *
Kirke hits you!
* * * LOW HITPOINT WARNING * * *
You feel better. The manticore bites you.
* * * LOW HITPOINT WARNING * * *
The manticore closely misses you. The manticore claws you!
* * * LOW HITPOINT WARNING * * *
Kirke hits you.
You die...

... ## ##.....
..P##.##.......
...............
#..............
.............
#...........
#..@.†.(>...
#!H.h.......
#..H........
##.....?....
##.........
P.........
##.........
#.........
#.#..>....


You could see Kirke (invisible) and 2 manticores.

Vanquished Creatures
  3 hydras
  6 two-headed ogres
  A hell hog (Volcano)
  The ghost of Dorkslayer the Slasher, a novice OpFi of Dithmenos (D:6)
  A bog body (Lair:3)
  2 manticores (D:11)
  7 oklob plants (Lair:2)
  A cyclops (D:11)
  5 elephants (Lair:2)
  An ice statue (D:7)
  Joseph (D:7)
  8 cane toads
  A rime drake (Lair:1)
  An unseen horror (D:11)
  2 kobold demonologists (D:9)
  Psyche (D:9)
  4 komodo dragons
  A troll (D:11)
  A polar bear (Lair:4)
  Prince Ribbit (D:6)
  3 blink frogs (Lair:4)
  Grinder (D:3)
  A fire bat (Volcano)
  3 wyverns
  30 yaks
  2 basilisks
  2 wraiths
  6 hogs (Lair:5)
  3 steam dragons
  3 vampire mosquitoes (D:10)
  3 hell hounds (Volcano)
  Edmund (D:5)
  9 water moccasins
  3 ice beasts
  2 black bears (Lair:2)
  5 sky beasts
  2 necrophages (D:5)
  5 orc warriors
  2 ogres (D:5)
  7 centaurs
  A phantom (D:6)
  28 wolves
  Blork the orc (D:6)
  2 kobold brigands
  12 bullfrogs
  3 gnoll sergeants (D:6)
  5 scorpions
  A wyvern zombie (D:8)
  2 water moccasin zombies (D:6)
  A water moccasin skeleton (D:4)
  5 killer bees (D:8)
  5 wights (D:7)
  3 howler monkeys
  An electric eel (Lair:4)
  2 centaur zombies
  A gnoll shaman (D:6)
  A centaur skeleton (D:6)
  10 orc priests
  A bullfrog skeleton (D:5)
  A hound (D:5)
  A jelly (D:7)
  3 iguanas
  9 orc wizards
  2 killer bee zombies (D:7)
  A hound skeleton (D:4)
  7 gnolls
  A howler monkey skeleton (D:7)
  4 adders
  A shadow imp (D:7)
  2 ufetubi (D:7)
  An adder skeleton (D:4)
  3 worms
  A dart slug (D:1)
  45 orcs
  6 bats
  6 endoplasms
  6 goblins
  5 hobgoblins
  8 jackals
  6 kobolds
  5 ball pythons
  A frilled lizard (D:2)
  6 rats
358 creatures vanquished.

Vanquished Creatures (collateral kills)
  A death knight (D:11)
  2 orcs (D:11)
3 creatures vanquished.

Vanquished Creatures (others)
  A centaur (Volcano)
  30 fungi
  71 plants
102 creatures vanquished.

Grand Total: 463 creatures vanquished

Notes
Turn   | Place    | Note
-------+----------+-------------------------------------------
     0 | D:1      | Dorkslayer the Gargoyle Fighter began the quest for the
                  | Orb.
     0 | D:1      | Reached XP level 1. HP: 14/14 MP: 1/1
    86 | D:1      | Reached XP level 2. HP: 11/19 MP: 2/2
   831 | D:1      | Reached XP level 3. HP: 20/23 MP: 3/3
  1544 | D:2      | Reached XP level 4. HP: 25/29 MP: 4/4
  2009 | D:3      | Noticed Grinder
  2016 | D:3      | Killed Grinder
  2017 | D:3      | Reached skill level 1 in Throwing
  2017 | D:3      | Reached skill level 1 in Dodging
  2017 | D:3      | Reached skill level 4 in Shields
  2017 | D:3      | Reached skill level 1 in Evocations
  2017 | D:3      | Reached XP level 5. HP: 33/33 MP: 5/5
  2017 | D:3      | Reached XP level 6. HP: 38/38 MP: 6/6
  2217 | D:4      | Noticed a sky beast
  2225 | D:4      | Killed a sky beast
  2226 | D:4      | Reached skill level 1 in Stealth
  2335 | D:4      | Found a white marble altar of Elyvilon.
  2336 | D:4      | Found a burning altar of Makhleb.
  2424 | D:4      | Reached XP level 7. HP: 40/44 MP: 7/7
  2646 | D:5      | Entered Level 5 of the Dungeon
  2647 | D:5      | Identified a scroll of acquirement
  2647 | D:5      | Acquired a manual of Shields
  2782 | D:5      | Found a staircase to the Ecumenical Temple.
  2791 | Temple   | Entered the Ecumenical Temple
  2816 | Temple   | Became a worshipper of the Shining One
  3040 | D:5      | Reached XP level 8. HP: 48/48 MP: 8/8
  3118 | D:5      | Reached skill level 5 in Fighting
  3216 | D:5      | Noticed Edmund
  3224 | D:5      | Killed Edmund
  3225 | D:5      | Reached skill level 5 in Shields
  3478 | D:6      | Reached skill level 5 in Armour
  3522 | D:6      | Noticed Prince Ribbit
  3530 | D:6      | Reached skill level 1 in Invocations
  3531 | D:6      | Killed Prince Ribbit
  3532 | D:6      | Reached XP level 9. HP: 52/54 MP: 7/10
  3558 | D:6      | Found a shimmering blue altar of Sif Muna.
  3598 | D:6      | Reached skill level 5 in Axes
  3615 | D:6      | Noticed Blork the orc
  3618 | D:6      | Killed Blork the orc
  3646 | D:6      | Found a stormy altar of Qazlal.
  3685 | D:6      | Reached skill level 9 in Shields
  3685 | D:6      | Reached skill level 5 in Invocations
  3685 | D:6      | Reached skill level 5 in Evocations
  3685 | D:6      | Reached XP level 10. HP: 64/64 MP: 11/14
  3755 | D:6      | Reached * piety under the Shining One
  3786 | D:6      | Found a transporter.
  3847 | D:6      | Found a transporter.
  3965 | D:6      | Noticed Dorkslayer's ghost (novice OpFi)
  3974 | D:6      | Killed Dorkslayer's ghost
  4336 | D:7      | Noticed an ice statue
  4372 | D:7      | Noticed Joseph
  4385 | D:7      | Killed Joseph
  4724 | D:7      | Reached ** piety under the Shining One
  4846 | D:7      | Found a basalt altar of Yredelemnul.
  5020 | D:7      | Found an iron altar of Okawaru.
  5399 | D:7      | Killed an ice statue
  5474 | D:8      | Reached skill level 10 in Shields
  5496 | D:8      | Reached XP level 11. HP: 45/68 MP: 15/15
  5617 | D:8      | You fall into a shaft and drop 1 floor!
  5617 | D:9      | Noticed Psyche
  5629 | D:9      | Killed Psyche
  5678 | D:8      | Found Yrefreaw's Weapon Boutique.
  5689 | D:8      | Bought the +3 war axe of Turmoil {vorpal, Dex+5} for 565
                  | gold pieces
  5791 | D:8      | Found Ycuuh's Distillery.
  5918 | D:8      | Found Furohit's Jewellery Shop.
  5941 | D:8      | Found Issel's Assorted Antiques.
  6075 | D:8      | Found Telirhesm's Antique Weapon Emporium.
  6268 | D:8      | Bought a potion of heal wounds for 75 gold pieces
  6324 | D:8      | Acquired 1260 gold pieces
  6417 | D:8      | Bought a potion of haste for 150 gold pieces
  6417 | D:8      | Bought a potion of curing for 45 gold pieces
  6417 | D:8      | Bought a potion of might for 60 gold pieces
  6446 | D:8      | Bought a broad axe for 108 gold pieces
  6455 | D:8      | Bought a scroll of brand weapon for 480 gold pieces
  6455 | D:8      | Bought a glowing war axe for 156 gold pieces
  6612 | D:9      | Reached skill level 11 in Shields
  6695 | D:9      | Noticed a soul eater
  6730 | D:9      | Reached *** piety under the Shining One
  6823 | D:9      | Noticed a two-headed ogre
  6833 | D:9      | Killed a two-headed ogre
  7024 | D:10     | Entered Level 10 of the Dungeon
  7469 | D:10     | Noticed a two-headed ogre
  7476 | D:10     | Killed a two-headed ogre
  7794 | D:11     | Found Lurul's General Store.
  7795 | D:11     | Noticed a cyclops
  7809 | D:11     | Killed a cyclops
  7829 | D:11     | Bought a scroll of identify for 28 gold pieces
  7933 | D:11     | Found a staircase to the Orcish Mines.
  7947 | D:11     | Reached XP level 12. HP: 71/75 MP: 17/17
  8048 | D:11     | Reached skill level 12 in Shields
  8061 | D:11     | Noticed a seven-headed hydra
  8072 | D:11     | Killed a one-headed hydra
  8228 | D:11     | Noticed a death knight
  8255 | D:11     | Killed a death knight
  8379 | D:11     | Found a staircase to the Lair.
  8449 | D:11     | Noticed a two-headed ogre
  8460 | D:11     | Killed a two-headed ogre
  8729 | Lair:1   | Entered Level 1 of the Lair of Beasts
  8731 | Lair:1   | Found a dark tunnel.
  8740 | Volcano  | Entered a volcano
  8783 | Volcano  | Noticed a hell hog
  8783 | Volcano  | Noticed a two-headed ogre
  8789 | Volcano  | Noticed a two-headed ogre
  8790 | Volcano  | Killed a hell hog
  8793 | Volcano  | Noticed a two-headed ogre
  8796 | Volcano  | Killed a two-headed ogre
  8803 | Volcano  | Killed a two-headed ogre
  8804 | Volcano  | Reached skill level 13 in Shields
  8805 | Volcano  | Killed a two-headed ogre
  9066 | Lair:1   | Reached **** piety under the Shining One
  9411 | Lair:1   | Reached XP level 13. HP: 80/80 MP: 19/19
  9744 | Lair:2   | Reached skill level 5 in Dodging
 10256 | Lair:2   | Reached skill level 10 in Fighting
 10304 | Lair:2   | Found a hole to the Spider Nest.
 10723 | Lair:3   | Reached skill level 14 in Shields
 10732 | Lair:3   | Found a staircase to the Swamp.
 10882 | Lair:3   | Identified the +2 helmet "Ydatef" {rF- rN+ Int+3}
 10891 | Lair:3   | Reached skill level 10 in Axes
 12023 | Lair:5   | Noticed Kirke
 12038 | Lair:5   | HP: 3/83 [Kirke (15)]
 12039 | Lair:5   | HP: 1/83 [manticore[Kirke] (10)]
 12039 | Lair:5   | Slain by Kirke

Illustrated notes

Levels and vault maps discovered:
D:1:      saegor_arrival_simple_e, layout_basic, grunt_decor_arrowhead
D:2:      layout_basic
D:3:      layout_basic, serial_bayou_lake_a, uniq_grinder
D:4:      layout_cave_pools, gammafunk_temple_overflow_statue,
          serial_column_ruins, column_ruins_grid_5, column_ruins_hut_ruined,
          column_ruins_open_medium, column_ruins_columns_water,
          column_ruins_open_small, column_ruins_open_tiny,
          column_ruins_columns_corner
D:5:      layout_gridville, minmay_temple_entry_proselytizer,
          serial_bayou_crossing, uniq_edmund
D:6:      layout_rooms, nicolae_qazlal_scattered_showers,
          nicolae_sif_muna_condensation, gammafunk_ghost_gnarly_gnolls,
          uniq_prince_ribbit1, uniq_blork_the_orc
D:7:      lemuel_ice_statue, layout_loops_corners, marbit_many_paths,
          david_defended_altar_orc, uniq_joseph
D:8:      layout_rooms, serial_shops, shop, shop, shop,
          nicolae_shop_statue_plus, shop, minmay_stone_trees_small, st_stairs_5,
          interstate_on_off
D:9:      layout_rooms, chequers_decorated_corner, hangedman_misty_isle,
          uniq_psyche
D:10:     layout_irregular_city
D:11:     layout_irregular_city, lair_entry_dummy, david_orc_5, serial_shops,
          shop, minivault_25_ag
Temple:   minmay_crystal_spiral_temple
Lair:1:   layout_regular_city, enter_volcano_2, lemuel_fruit_fields,
          lemuel_fruit_tree, grunt_megastairs_3
Lair:2:   minmay_lair_oklob_tunnel, layout_concentric_octagons,
          spider_nest_entry_web_field, beast_lair_carwin_1,
          minmay_lair_oklob_chamber
Lair:3:   layout_long_grid, skrybe_swamp_entry_bodies,
          chequers_serial_rivers_micro_c, infiniplex_staircase_pool_2,
          serial_bayou_shore_b, grunt_megastairs_1
Lair:4:   layout_misc_corridors, minmay_holes, serial_bayou_shore_a
Lair:5:   layout_cave_pods, dpeg_slime_entry_corner,
          grunt_forest_small_clearings, uniq_kirke

Skill      XL: |  1  2  3  4  5  6  7  8  9 10 11 12 13 |
---------------+----------------------------------------+-----
Axes           | 2 3 4 5 6 8 9 10 | 10.3
Fighting       | 4 5 7 8 9 10 | 10.5
Throwing       | 1 2 3 4 |  4.6
Armour         | 4 5 6 7 |  7.8
Dodging        | 1 2 3 4 5 |  5.7
Shields        | 4 5 9 10 11 13 14 | 14.3
Evocations     | 1 2 3 5 6 7 8 |  8.3
Stealth        | 1 2 |  2.7
Invocations    | 1 5 6 7 8 |  8.9
Long Blades    | 2 |  2.4

Action                   |  1- 3 |  4- 6 |  7- 9 | 10-12 | 13-15 || total
-------------------------+-------+-------+-------+-------+-------++-------
Melee: War axe           |    75 |    52 |    75 |   497 |   345 ||  1044
       Broad axe         |       |       |       |     7 |    11 ||    18
       Unarmed           |       |       |       |       |     2 ||     2
Throw: Javelin           |     2 |     5 |    12 |    28 |     2 ||    49
       Boomerang         |       |       |       |     8 |       ||     8
Invok: Divine Shield     |       |       |       |     5 |     8 ||    13
Evoke: Wand              |       |     2 |     1 |    24 |    11 ||    38
  Use: Scroll            |     1 |     7 |     4 |    11 |     7 ||    30
       Potion            |       |       |     1 |     6 |     2 ||     9
 Stab: Paralysed         |       |     4 |       |       |       ||     4
Armor: Scale mail        |    18 |       |       |       |       ||    18
       Chain mail        |    40 |    16 |    30 |   130 |       ||   216
       Plate armour      |       |       |       |   101 |   156 ||   257
Dodge: Dodged            |    25 |     5 |    19 |   157 |    92 ||   298
Block: Kite shield       |    52 |    19 |    31 |   409 |   287 ||   798

Table legend: (Time is in decaauts)
 A = Elapsed time spent in this place.
 B = Non-inter-level travel time spent in this place.
 C = Inter-level travel time spent in this place.
 D = Time resting spent in this place.
 E = Time spent auto-exploring this place.
 F = Levels seen in this place.
 G = Mean time per level.
                   A        B        C        D        E       F      G
               +--------+--------+--------+--------+--------+-----+--------+
         Total |  12350 |  12350 |      0 |    874 |   1786 |  18 |  686.1 |
       Dungeon |   8935 |   8935 |      0 |    757 |   1184 |  11 |  812.3 |
        Temple |     50 |     50 |      0 |      0 |      0 |   1 |   50.0 |
          Lair |   3184 |   3184 |      0 |    117 |    602 |   5 |  636.8 |
       Volcano |    179 |    179 |      0 |      0 |      0 |   1 |  179.0 |
               +--------+--------+--------+--------+--------+-----+--------+

Top non-repeatable levels by time:
     D:7: 1410 daAuts
     D:1: 1104 daAuts
  Lair:2: 1046 daAuts
     D:8: 978 daAuts
    D:11: 958 daAuts
     D:5: 800 daAuts
    D:10: 776 daAuts
  Lair:1: 770 daAuts
  Lair:3: 711 daAuts
     D:6: 677 daAuts
  Lair:4: 638 daAuts
     D:2: 632 daAuts
     D:9: 575 daAuts
     D:3: 518 daAuts
     D:4: 501 daAuts
